 Dungeon Crawl Stone Soup version 0.20-a0-435-ga4f17a0 (webtiles) character file.

211 Implojin the Ruffian (level 5, -6/41 HPs)
             Began as a Mummy Chaos Knight on Jan 14, 2017.
             Mangled by a hornet (12 damage)
             ... led by Pikel
             ... on level 3 of the Dungeon.
             The game lasted 00:08:59 (5154 turns).

Implojin the Ruffian (Mummy Chaos Knight)           Turns: 5154, Time: 00:09:00

Health: -6/41      AC:  9    Str: 15    XL:     5   Next: 57%
Magic:  5/5        EV:  8    Int: 12    God:    Xom [...*..]
Gold:   131        SH:  9    Dex: 12    Spells: 4/4 levels left

rFire  x . .     SeeInvis .       - Unarmed
rCold  + + .     Gourm    .     a - +2 leather armour
rNeg   + + +     Faith    .     f - +2 shield
rPois  ∞         Spirit   .     t - +2 helmet
rElec  .         Reflect  .     m - +0 cloak {rPois}
rCorr  .         Harm     .     (no gloves)
MR     .....                    (no boots)
Stlth  +.........               (no amulet)
                                (no ring)
                                k - ring of protection from cold

@: no status effects
A: no food or potions, fire vulnerability, cold resistance 1, negative energy
resistance 3, torment resistance, unbreathing
a: Renounce Religion


You were on level 3 of the Dungeon.
You worshipped Xom.
You were a favourite toy of Xom.
You were not hungry.

You visited 1 branch of the dungeon, and saw 4 of its levels.

You collected 131 gold pieces.

Inventory:

Hand Weapons
 i - a -1 dagger
 n - a +0 mace
 o - a +2 quarterstaff of chaos
 q - a cursed +0 hunting sling
Missiles
 l - 2 tomahawks (quivered)
 s - 50 stones
Armour
 a - a +2 leather armour (worn)
 d - a +0 ring mail
 f - a +2 shield (worn)
 m - a +0 cloak of poison resistance (worn)
 p - the -5 helmet of Daffodils {rElec rN+ Int+3}
   (Xom gifted it to you on level 1 of the Dungeon)

   It affects your intelligence (+3).
   It insulates you from electricity.
   It protects you from negative energy.
 t - a +2 helmet (worn)
Jewellery
 k - a ring of protection from cold (left hand)
Scrolls
 b - 3 scrolls of magic mapping
 c - a scroll of remove curse
 e - a scroll of blinking
 g - a scroll of fear {unknown}
 j - a scroll of fog {unknown}
 r - a scroll of noise {unknown}


   Skills:
 - Level 3.0 Fighting
 - Level 1.5 Armour
 - Level 0.7 Dodging
 * Level 5.2 Unarmed Combat


You had 4 spell levels left.
You didn't know any spells.

Dungeon Overview and Level Annotations

Branches:
Dungeon (4/15)
 Temple: D:4-7

Altars:
Sif Muna
Trog
Xom
The Shining One

Annotations:
D:2 !ggrinder wandering care, Grinder
D:4 Pikel


Innate Abilities, Weirdness & Mutations

You do not eat or drink.
Your flesh is vulnerable to fire.
You are immune to poison.
Your flesh is cold resistant. (rC+)
You are immune to negative energy. (rN+++)
You are immune to unholy pain and torment.
You can survive without breathing.


Message History

Your cleaving frenzy subsides.
You block the slave's attack.
You barely miss the slave.
The slave is heavily wounded.
You block the slave's attack.
You completely miss the slave.
The slave is heavily wounded.
You block the slave's attack.
Unknown command.
You hit the slave.
The slave is heavily wounded.
The slave hits you!
* * * LOW HITPOINT WARNING * * *
You barely miss the slave.
The slave is heavily wounded.
You block the slave's attack.
You miss the slave.
The slave is heavily wounded.
The slave completely misses you.
You closely miss the slave.
The slave is heavily wounded.
The slave hits you but does no damage.
You hit the slave.
The slave is severely wounded.
The slave completely misses you.
You hit the slave.
The slave is almost dead.
The slave completely misses you.
You hit the slave but do no damage.
The slave is severely wounded.
The slave hits you!
* * * LOW HITPOINT WARNING * * *
You hit the slave but do no damage.
The slave is severely wounded.
Xom's power touches on a nearby monster.
The slave evaporates and reforms as a hornet!
You are now a favourite toy of Xom.
The hornet stings you!
You die...
Xom titters!

### #.# #.#.###.# #..... # #.#
#....##.#######..... # #.#
#####..#.........##..... # #.#
#...#.###.#.####.##.....
#####.####._.##.#.##.####.##.....
......##.#...#..>.!....!..#######
########.#.§.#.#§###.####.# #
########.#...#.#y# #.####.## #
.........##.##.#@# #.......# #
.##########.##.#.# ######..# # .#
#.##.#§###.).....###### .#
#.##.#§................ .#
#.[..#####.......###### .# ####.#
#.........# .# #.# #..###.##.#
.#### #)#####..###.##.# ....#
#)))÷.......<##.#


You could see a hornet.

Vanquished Creatures
  An orc wizard (D:3)
  Crazy Yiuf (D:3)
  Robin (D:3)
  2 gnolls
  2 adders (D:3)
  A worm (D:2)
  5 dart slugs
  A leopard gecko (D:1)
  7 orcs
  3 giant cockroaches
  15 goblins
  11 hobgoblins
  8 jackals (D:2)
  5 quokkas
  5 bats
  6 frilled lizards
  7 kobolds
  A leopard gecko skeleton (D:4)
  5 rats
87 creatures vanquished.

Notes
Turn   | Place    | Note
-------+----------+-------------------------------------------
     0 | D:1      | Implojin the Mummy Chaos Knight began the quest for the Orb.
     0 | D:1      | Reached XP level 1. HP: 18/18 MP: 1/1
   122 | D:1      | XOM: harmless Divn miscast
   160 | D:1      | Reached XP level 2. HP: 19/24 MP: 2/2
   272 | D:1      | XOM: butterfly on damage
   274 | D:1      | Reached skill level 3 in Unarmed Combat
  1132 | D:1      | Reached XP level 3. HP: 25/29 MP: 3/3
  1536 | D:2      | XOM: cloud trail
  1831 | D:2      | Reached skill level 4 in Unarmed Combat
  1837 | D:2      | Found a glowing golden altar of the Shining One.
  1941 | D:2      | XOM: smoke on damage
  1955 | D:2      | Reached XP level 4. HP: 29/35 MP: 4/4
  2176 | D:2      | XOM: medium Chrm miscast
  2336 | D:2      | XOM is BORED!
  2336 | D:2      | XOM: medium Chrm miscast
  2610 | D:3      | Found a deep blue altar of Sif Muna.
  2780 | D:3      | Found a runed door.
  2784 | D:3      | Noticed Crazy Yiuf
  2794 | D:3      | Killed Crazy Yiuf
  2794 | D:3      | Reached XP level 5. HP: 12/41 MP: 5/5
  3025 | D:3      | XOM: scenery: 1 doors close
  3057 | D:3      | Noticed Grinder
  3057 | D:3      | XOM: scenery: create altars
  3058 | D:3      | XOM: chaos upgrade
  3072 | D:3      | XOM: mild Tmut miscast
  3074 | D:3      | XOM: confusion
  3085 | D:2      | XOM: blink monster(s)
  3088 | D:2      | XOM: blink monster(s)
  3129 | D:1      | XOM: god gift: crude helmet {god gift}
  3130 | D:1      | Got a crude helmet {god gift}
  3337 | D:1      | Identified the -5 helmet of Daffodils {rElec rN+ Int+3} (Xom gifted it to you on level 1 of the Dungeon)
  3428 | D:3      | XOM: enchant monster (bad)
  3437 | D:3      | XOM: chaos cloud
  3444 | D:3      | XOM: enchant monster (bad)
  3446 | D:3      | something gained the power of zot.
  3689 | D:2      | XOM: enchant monster (bad)
  3694 | D:2      | Paralysed by something for 6 turns
  3856 | D:2      | XOM: medium Conj miscast
  3858 | D:2      | Paralysed by Grinder for 6 turns
  3912 | D:2      | XOM: summons 4 hostile shadow creatures
  4287 | D:3      | Reached skill level 5 in Unarmed Combat
  4401 | D:3      | Noticed Robin
  4429 | D:3      | Killed Robin
  4680 | D:3      | Found a bloodstained altar of Trog.
  4875 | D:3      | XOM: butterfly on damage
  5105 | D:4      | Noticed Pikel
  5105 | D:4      | Noticed a slave
  5109 | D:4      | Noticed a slave
  5109 | D:4      | XOM: cleaving
  5111 | D:4      | Noticed a slave
  5115 | D:4      | Noticed a slave
  5117 | D:4      | XOM: harmless Necr miscast
  5139 | D:3      | XOM: smoke on damage
  5143 | D:3      | XOM: repel stairs
  5154 | D:3      | Noticed a hornet
  5154 | D:3      | a slave changed into a hornet
  5154 | D:3      | XOM: polymorph slave -> hornet
  5154 | D:3      | Mangled by a hornet

Vault maps used:
D:1:      dpeg_arrival_connections
D:2:      kennysheep_crisscross, nicolae_tso_swordbearing_angel
D:3:      lemuel_coloured_pillars_altar, trog_book, uniq_grinder, uniq_robin,
          uniq_crazy_yiuf_cottage
D:4:      marbit_many_paths, first_bread, serial_bayou_ford_a, uniq_pikel

Skill      XL: |  1  2  3  4  5 |
---------------+----------------+-----
Unarmed Combat | 3 4 5 |  5.2
Fighting       | |  3.0
Armour         | |  1.5
Dodging        | |  0.7

Action                   |  1- 3 |  4- 6 || total
-------------------------+-------+-------++-------
Melee: Unarmed           |   208 |   268 ||   476
  Use: Scroll            |       |     7 ||     7
 Stab: Sleeping          |     1 |       ||     1
Armor: Leather armour    |    52 |    66 ||   118
Dodge: Dodged            |    71 |    54 ||   125
Block: Shield            |    67 |   111 ||   178

Table legend:
 A = Turns spent in this place as a percentage of turns spent in the entire game.
 B = Non-inter-level travel turns spent in this place as a percentage of non-inter-level travel turns spent in the entire game.
 C = Inter-level travel turns spent in this place as a percentage of turns spent in this place.
 D = Turns resting spent in this place as a percentage of non-inter-level travel turns spent in this place.
 E = Turns spent auto-exploring this place as a percentage of non-inter-level travel turns spent in this place.
 F = Non-inter-level travel turns spent in this place divided by the number of levels of this place that you've seen.
                   A       B       C       D       E      F
               +-------+-------+-------+-------+-------+----------------------
         Total | 100.0 | 100.0 |   0.4 |   4.7 |   6.6 | 335.0
       Dungeon | 100.0 | 100.0 |   0.4 |   4.7 |   6.6 | 335.0
               +-------+-------+-------+-------+-------+----------------------

Table legend:
 A = Kills in this place as a percentage of kills in entire the game.
 B = Kills by you in this place as a percentage of kills by you in the entire game.
 C = Kills by friends in this place as a percentage of kills by friends in the entire game.
 D = Other kills in this place as a percentage of other kills in the entire game.
 E = Experience gained in this place as a percentage of experience gained in the entire game.
 F = Experience gained in this place divided by the number of levels of this place that you have seen.
                   A       B       C       D       E      F
               +-------+-------+-------+-------+-------+----------------------
         Total | 100.0 | 100.0 |  -nan |  -nan | 100.0 |  75.5
       Dungeon | 100.0 | 100.0 |  -nan |  -nan | 100.0 |  75.5
               +-------+-------+-------+-------+-------+----------------------
